[ AOE2 MATCH · #505250049 ]
UnrankedBritons vs Teutons
Player's team · LOSS
Rival team · WIN
[ REPLAY ANALYSIS · EXTRACTED FROM THE RECORDED GAME ]
Feudal
11:22
Castle
14:53
Imperial
39:36
| APM avg | 32.7 |
| APM peak | 59 |
| eAPM avg | 14.3 |
| Villagers / military | 76 / 125 |
Focus
⚔️ 41.9% · 🌾 58.1%
Longbowman ×108 · Archer ×8 · Trebuchet (Packed) ×4 · Monk ×3 · Spearman ×2
Feudal
8:36
Castle
25:18
Imperial
39:44
| APM avg | 73.2 |
| APM peak | 152 |
| eAPM avg | 40.4 |
| Villagers / military | 171 / 250 |
Focus
⚔️ 64.9% · 🌾 35.1%
Skirmisher ×159 · Knight ×75 · Trebuchet (Packed) ×13 · Scout Cavalry ×3
Match map
Initial resources + every placement click. Lines = walls · curves = elevation contours. ◆ gold · ⬟ stone · ● berries · ✦ relic · ◌ wall gap
Your base· Open — unwalled flank
LonzoWall's base· Open — unwalled flank
Smoothed initial terrain · ◌ = detected wall gap · hover for details
Inputs per minute
— Schlumpf - - LonzoWall
Build order — Schlumpf
First 150 of 221 actions detected
| 0:02 | Queue | Villager (Male) |
| 0:02 | Queue | Villager (Male) |
| 0:02 | Queue | Villager (Male) |
| 0:04 | Build | House |
| 0:06 | Build | House |
| 0:32 | Queue | Villager (Male) |
| 0:32 | Queue | Villager (Male) |
| 1:29 | Queue | Villager (Male) |
| 1:49 | Build | Lumber Camp |
| 1:57 | Queue | Villager (Male) |
| 2:09 | Queue | Villager (Male) |
| 2:31 | Queue | Villager (Male) |
| 2:43 | Queue | Villager (Male) |
| 2:48 | Build | House |
| 2:51 | Build | House |
| 3:11 | Queue | Villager (Male) |
| 3:24 | Queue | Villager (Male) |
| 3:45 | Queue | Villager (Male) |
| 4:38 | Queue | Villager (Male) |
| 4:38 | Queue | Villager (Male) |
| 5:45 | Queue | Villager (Male) |
| 5:46 | Queue | Villager (Male) |
| 5:46 | Queue | Villager (Male) |
| 6:15 | Queue | Villager (Male) |
| 6:52 | Build | Barracks |
| 7:16 | Queue | Villager (Male) |
| 7:16 | Queue | Villager (Male) |
| 7:46 | Build | Mining Camp |
| 8:00 | Queue | Villager (Male) |
| 8:03 | Build | House |
| 8:13 | Research | Loom |
| 8:15 | Research | Feudal Age |
| 9:40 | Queue | Villager (Male) |
| 9:40 | Queue | Villager (Male) |
| 11:07 | Build | House |
| 11:11 | Build | Palisade Wall |
| 11:13 | Build | House |
| 11:17 | Build | Palisade Wall |
| 11:22 | Age | Feudal Age |
| 11:27 | Queue | Spearman |
| 11:30 | Build | Archery Range |
| 11:42 | Build | Blacksmith |
| 11:59 | Queue | Spearman |
| 12:13 | Research | Castle Age |
| 12:14 | Queue | Archer |
| 12:15 | Queue | Archer |
| 12:37 | Build | Watch Tower |
| 12:46 | Build | Mill |
| 12:54 | Queue | Archer |
| 12:57 | Queue | Archer |
| 13:31 | Build | Farm |
| 13:34 | Build | Farm |
| 13:55 | Queue | Archer |
| 14:27 | Queue | Archer |
| 14:53 | Age | Castle Age |
| 14:58 | Queue | Archer |
| 15:38 | Queue | Archer |
| 16:54 | Build | Castle |
| 17:38 | Research | Fletching |
| 18:20 | Queue | Villager (Male) |
| 18:30 | Build | Lumber Camp |
| 18:51 | Queue | Villager (Male) |
| 19:37 | Build | Farm |
| 19:44 | Queue | Longbowman |
| 19:54 | Queue | Villager (Male) |
| 20:03 | Queue | Longbowman |
| 20:36 | Queue | Longbowman |
| 20:45 | Build | Farm |
| 20:48 | Queue | Longbowman |
| 20:57 | Queue | Villager (Male) |
| 21:25 | Queue | Villager (Male) |
| 21:27 | Build | Farm |
| 21:29 | Build | Farm |
| 21:33 | Build | Farm |
| 21:37 | Queue | Longbowman |
| 21:37 | Queue | Longbowman |
| 22:03 | Queue | Villager (Male) |
| 22:52 | Build | Farm |
| 22:53 | Queue | Villager (Male) |
| 22:55 | Queue | Longbowman |
| 22:56 | Queue | Longbowman |
| 23:16 | Queue | Villager (Male) |
| 23:32 | Research | Double-Bit Axe |
| 23:51 | Queue | Longbowman |
| 23:59 | Build | Farm |
| 24:04 | Queue | Villager (Male) |
| 24:15 | Queue | Villager (Male) |
| 24:33 | Build | Castle |
| 24:36 | Queue | Longbowman |
| 24:37 | Queue | Villager (Male) |
| 24:45 | Build | University |
| 25:25 | Queue | Villager (Male) |
| 25:54 | Queue | Longbowman |
| 26:04 | Queue | Villager (Male) |
| 26:09 | Research | Bodkin Arrow |
| 26:47 | Queue | Villager (Male) |
| 26:48 | Queue | Villager (Male) |
| 26:53 | Queue | Longbowman ×3 |
| 27:36 | Research | Ballistics |
| 27:37 | Queue | Villager (Male) |
| 27:39 | Queue | Villager (Male) |
| 27:48 | Build | Town Center |
| 27:55 | Queue | Villager (Male) |
| 27:56 | Queue | Villager (Male) |
| 27:59 | Queue | Longbowman |
| 28:42 | Queue | Longbowman |
| 28:43 | Queue | Longbowman |
| 29:06 | Queue | Longbowman ×2 |
| 29:07 | Queue | Villager (Male) |
| 29:07 | Queue | Villager (Male) |
| 29:43 | Queue | Villager (Male) |
| 29:47 | Queue | Longbowman ×3 |
| 29:57 | Queue | Villager (Male) |
| 29:57 | Queue | Villager (Male) |
| 29:58 | Queue | Villager (Male) |
| 30:01 | Build | Farm |
| 30:02 | Build | Farm |
| 30:03 | Build | Farm |
| 30:35 | Queue | Longbowman |
| 30:39 | Queue | Longbowman ×4 |
| 31:28 | Build | Lumber Camp |
| 31:29 | Queue | Villager (Male) |
| 31:30 | Queue | Villager (Male) |
| 31:30 | Queue | Villager (Male) |
| 31:30 | Queue | Villager (Male) |
| 31:36 | Queue | Villager (Male) |
| 31:36 | Queue | Villager (Male) |
| 31:40 | Queue | Longbowman |
| 32:19 | Queue | Villager (Male) |
| 32:19 | Queue | Villager (Male) |
| 32:20 | Queue | Villager (Male) |
| 32:31 | Build | Farm |
| 32:34 | Queue | Villager (Male) |
| 32:35 | Queue | Villager (Male) |
| 32:41 | Queue | Longbowman ×4 |
| 33:33 | Queue | Longbowman ×5 |
| 33:40 | Build | House |
| 33:42 | Research | Town Watch |
| 34:45 | Build | House |
| 34:46 | Build | House |
| 34:52 | Build | University |
| 35:29 | Build | Market |
| 36:26 | Research | Imperial Age |
| 36:38 | Queue | Longbowman |
| 37:15 | Build | Town Center |
| 37:22 | Build | Mining Camp |
| 37:33 | Queue | Longbowman |
| 37:33 | Queue | Longbowman |
| 37:39 | Queue | Villager (Male) |
| 37:39 | Queue | Villager (Male) |
Build order — LonzoWall
First 150 of 674 actions detected
| 0:01 | Queue | Villager (Male) |
| 0:03 | Build | House |
| 0:06 | Build | House |
| 0:25 | Queue | Villager (Male) |
| 0:52 | Queue | Villager (Male) |
| 1:26 | Queue | Villager (Male) |
| 1:40 | Build | Lumber Camp |
| 1:48 | Queue | Villager (Male) |
| 2:06 | Queue | Villager (Male) |
| 2:32 | Queue | Villager (Male) |
| 2:49 | Queue | Villager (Male) |
| 3:07 | Queue | Villager (Male) |
| 3:22 | Queue | Villager (Male) |
| 3:51 | Queue | Villager (Male) |
| 4:00 | Build | House |
| 4:15 | Queue | Villager (Male) |
| 4:36 | Queue | Villager (Male) |
| 4:43 | Queue | Villager (Male) |
| 5:13 | Queue | Villager (Male) |
| 5:23 | Research | Loom |
| 5:23 | Research | Loom |
| 5:46 | Build | Barracks |
| 6:24 | Research | Feudal Age |
| 7:01 | Build | House |
| 8:36 | Age | Feudal Age |
| 8:38 | Queue | Villager (Male) |
| 8:39 | Build | Stable |
| 8:53 | Queue | Villager (Male) |
| 9:07 | Build | Archery Range |
| 9:13 | Queue | Villager (Male) |
| 9:20 | Queue | Scout Cavalry |
| 9:21 | Queue | Scout Cavalry |
| 9:31 | Research | Double-Bit Axe |
| 9:31 | Research | Double-Bit Axe |
| 9:40 | Queue | Villager (Male) |
| 10:00 | Queue | Villager (Male) |
| 10:02 | Build | Mining Camp |
| 10:14 | Queue | Villager (Male) |
| 10:22 | Build | Watch Tower |
| 10:38 | Queue | Skirmisher |
| 10:39 | Queue | Skirmisher |
| 10:50 | Build | House |
| 11:15 | Queue | Scout Cavalry |
| 12:02 | Build | Watch Tower |
| 12:04 | Queue | Villager (Male) |
| 12:22 | Queue | Villager (Male) |
| 12:40 | Build | House |
| 13:19 | Queue | Villager (Male) |
| 13:28 | Build | Watch Tower |
| 13:31 | Queue | Villager (Male) |
| 13:38 | Build | Mill |
| 13:42 | Build | House |
| 14:13 | Build | Farm |
| 14:14 | Build | Farm |
| 14:31 | Queue | Villager (Male) |
| 14:45 | Build | Lumber Camp |
| 14:58 | Queue | Villager (Male) |
| 15:11 | Build | Farm |
| 15:24 | Build | Farm |
| 15:25 | Queue | Villager (Male) |
| 15:26 | Build | Farm |
| 15:37 | Build | Palisade Gate |
| 15:45 | Build | Palisade Wall |
| 15:58 | Build | Farm |
| 15:59 | Build | Farm |
| 16:00 | Build | Farm |
| 16:04 | Queue | Villager (Male) |
| 16:20 | Build | Farm |
| 16:25 | Build | Farm |
| 16:25 | Build | Farm |
| 16:26 | Build | Farm |
| 16:27 | Build | Farm |
| 16:28 | Build | Farm |
| 16:30 | Build | Farm |
| 16:31 | Build | Farm |
| 16:35 | Queue | Villager (Male) |
| 16:41 | Build | Palisade Gate |
| 16:44 | Build | House |
| 16:46 | Build | Palisade Wall |
| 16:54 | Queue | Villager (Male) |
| 17:30 | Queue | Villager (Male) |
| 17:46 | Queue | Skirmisher |
| 17:46 | Queue | Skirmisher |
| 17:50 | Build | Blacksmith |
| 17:52 | Queue | Villager (Male) |
| 18:18 | Build | House |
| 18:22 | Queue | Villager (Male) |
| 18:27 | Build | Watch Tower |
| 18:40 | Build | Mining Camp |
| 18:48 | Queue | Villager (Male) |
| 18:52 | Queue | Villager (Male) |
| 19:08 | Research | Fletching |
| 19:11 | Build | Farm |
| 19:14 | Queue | Villager (Male) |
| 19:18 | Build | Watch Tower |
| 19:48 | Queue | Villager (Male) |
| 20:07 | Build | House |
| 20:28 | Queue | Skirmisher |
| 20:28 | Queue | Skirmisher |
| 20:42 | Build | Farm |
| 20:48 | Research | Padded Archer Armor |
| 20:51 | Queue | Skirmisher |
| 21:25 | Queue | Villager (Male) |
| 22:06 | Build | Market |
| 22:38 | Research | Castle Age |
| 23:03 | Queue | Skirmisher |
| 23:03 | Queue | Skirmisher |
| 23:03 | Queue | Skirmisher |
| 23:03 | Queue | Skirmisher |
| 23:22 | Research | Horse Collar |
| 24:00 | Build | Mining Camp |
| 24:24 | Queue | Skirmisher |
| 24:24 | Queue | Skirmisher |
| 25:18 | Age | Castle Age |
| 25:22 | Research | Elite Skirmisher (upgrade) |
| 25:29 | Research | Leather Archer Armor |
| 25:31 | Queue | Villager (Male) |
| 25:43 | Queue | Villager (Male) |
| 25:53 | Build | Town Center |
| 26:10 | Queue | Villager (Male) |
| 26:35 | Queue | Villager (Male) |
| 26:37 | Queue | Villager (Male) |
| 26:50 | Build | Town Center |
| 26:59 | Queue | Villager (Male) |
| 27:18 | Queue | Villager (Male) |
| 27:20 | Queue | Villager (Male) |
| 27:23 | Build | Farm |
| 27:37 | Queue | Skirmisher |
| 27:37 | Queue | Skirmisher |
| 27:40 | Build | House |
| 27:47 | Build | House |
| 27:50 | Queue | Villager (Male) |
| 27:51 | Build | Farm |
| 27:59 | Queue | Villager (Male) |
| 28:06 | Build | Farm |
| 28:08 | Build | Farm |
| 28:15 | Queue | Villager (Male) |
| 28:19 | Build | House |
| 28:21 | Build | Farm |
| 28:41 | Queue | Villager (Male) |
| 28:42 | Build | Farm |
| 28:46 | Queue | Villager (Male) |
| 28:47 | Build | Farm |
| 28:56 | Queue | Villager (Male) |
| 28:57 | Build | Farm |
| 29:07 | Build | Farm |
| 29:08 | Build | Farm |
| 29:16 | Queue | Villager (Male) |
| 29:17 | Queue | Villager (Male) |
| 29:19 | Build | Farm |
Match timeline
| 5:46 | LonzoWall · first_building Barracks |
| 6:52 | Schlumpf · first_building Barracks |
| 8:36 | LonzoWall · age_up feudal |
| 8:39 | LonzoWall · first_building Stable |
| 9:07 | LonzoWall · first_building Archery Range |
| 11:11 | Schlumpf · wall_segment Palisade Wall x1 |
| 11:17 | Schlumpf · wall_segment Palisade Wall x1 |
| 11:22 | Schlumpf · age_up feudal |
| 11:30 | Schlumpf · first_building Archery Range |
| 14:53 | Schlumpf · age_up castle |
| 15:45 | LonzoWall · wall_segment Palisade Wall x1 |
| 16:46 | LonzoWall · wall_segment Palisade Wall x1 |
| 16:54 | Schlumpf · first_building Castle |
| 22:35 | LonzoWall · first_market_buy 100 food |
| 25:18 | LonzoWall · age_up castle |
| 25:27 | LonzoWall · first_market_sell 100 food |
| 30:42 | LonzoWall · first_building Castle |
| 35:37 | LonzoWall · wall_segment Palisade Wall x13 |
| 36:17 | Schlumpf · first_market_buy 100 food |
| 36:24 | Schlumpf · first_market_sell 100 wood |
| 36:24 | LonzoWall · wall_segment Palisade Wall x6 |
| 36:45 | LonzoWall · wall_segment Palisade Wall x7 |
| 37:14 | LonzoWall · wall_segment Palisade Wall x1 |
| 37:15 | LonzoWall · wall_segment Palisade Wall x1 |
| 38:02 | LonzoWall · wall_segment Palisade Wall x11 |
| 38:05 | LonzoWall · wall_segment Palisade Wall x7 |
| 39:36 | Schlumpf · age_up imperial |
| 39:44 | LonzoWall · age_up imperial |
| 40:48 | Schlumpf · first_building Monastery |
| 51:58 | LonzoWall · first_building Monastery |
| 52:33 | LonzoWall · wall_segment Palisade Wall x1 |
| 56:11 | Schlumpf · resign |
[ AI ANALYSIS · 1 CREDIT ]
What really happened in this match?
Wolo.gg analyzes every decision: build order, eco, micro, common mistakes by bracket. Personalized analysis on WhatsApp or Discord in 30 seconds.
Civ guide
Britons
Perfil
Jugador #721773